 Dungeon Crawl Stone Soup version 0.30.1-11-g7821555f0a (webtiles) character file.

Game seed: 12392680037901748569

39 KittyFluff the Trooper (level 3, 0/23 HPs)
             Began as a Gargoyle Berserker on Nov 10, 2023.
             Was a Believer of Trog.
             Slain by a worm (5 damage)
             ... on level 2 of the Dungeon.
             The game lasted 00:04:29 (1157 turns).

KittyFluff the Trooper (Gargoyle Berserker)         Turns: 1157, Time: 00:04:30

Health: 0/23       AC:  7    Str: 22    XL:     3   Next: 45%
Magic:  3/3        EV: 11    Int:  7    God:    Trog [**....]
Gold:   116        SH:  0    Dex:  9    Spells: 2/2 levels left

rFire   . . .        a - +0 mace
rCold   . . .        (no shield)
rNeg    + . .        d - +0 leather armour
rPois   ∞            (no helmet)
rElec   +            (no cloak)
rCorr   .            (no gloves)
SInv    .            c - +0 pair of boots
Will    .....        (no amulet)
Stlth   +            (no ring)
HPRegen 0.23/turn    (no ring)
MPRegen 0.08/turn

%: no passive effects
@: no status effects
A: sickness immunity, AC +3, negative energy resistance 1, electricity
resistance, torment resistance 1, petrification resistance
a: Renounce Religion, Berserk, Trog's Hand


You were on level 2 of the Dungeon.
You worshipped Trog.
Trog was pleased with you.
You visited 1 branch of the dungeon, and saw 2 of its levels.

You collected 116 gold pieces.

Inventory:

Hand Weapons
 a - a +0 mace (weapon)
 j - a +0 sling
Missiles
 b - 4 atropa-tipped darts (quivered)
Armour
 c - a +0 pair of boots (worn)
 d - a +0 leather armour (worn)
Scrolls
 e - a scroll of enchant armour {unknown}
 h - 2 scrolls of noise {unknown}
 i - a scroll of poison {unknown}
 k - a scroll of enchant weapon {unknown}
 l - 2 scrolls of identify {unknown}
Potions
 f - a potion of degeneration {unknown}
 g - a potion of flight {unknown}


   Skills:
 + Level 3.5 Fighting
 * Level 3.5 Maces & Flails
 * Level 2.9 Armour
 + Level 2.0 Dodging


You had 2 spell levels left.
You didn't know any spells.
Your spell library was empty.

Dungeon Overview and Level Annotations

Branches:
Dungeon (2/15)

Altars:
Vehumet


Innate Abilities, Weirdness & Mutations

You are immune to sickness and miasma.
Your stone body is resilient. (AC +3)
You are immune to poison.
You resist negative energy. (rN+)
You are resistant to electric shocks. (rElec)
You are resistant to unholy torment.
You are immune to petrification.


Message History

The kobold is severely wounded.
The kobold barely misses you. x2
You closely miss the kobold. You punch the kobold.
You kill the kobold!
Trog accepts your kill.
You see here a +0 whip.
Found 17 gold pieces.
Found a stone staircase leading down.
You now have 116 gold pieces (gained 17).
Found a stone staircase leading down.
There is a stone staircase leading down here.
Found a scroll labelled RABURI YHER.
l - 2 scrolls labelled RABURI YHER (gained 1)
A worm comes into view.
An endoplasm comes into view.
Found 15 gold pieces.
The endoplasm quivers.
Found a fuming inky potion.
The worm bites you. The worm barely misses you.
You barely miss the worm. The worm barely misses you.
You hit the worm.
The worm is lightly wounded.
You hit the worm but do no damage.
The worm is lightly wounded.
The worm bites you.
You hit the worm but do no damage.
The worm is lightly wounded.
The worm bites you.
You hit the worm.
The worm is moderately wounded.
You hit the worm.
The worm is heavily wounded.
The worm barely misses you.
You hit the worm.
The worm is severely wounded.
The worm bites you.
* * * LOW HITPOINT WARNING * * *
You hit the worm.
The worm is almost dead.
The worm bites you.
You die...

#.........########
..........#......#
.................#
..........#......#
..........#......#
#.#.#####.........#
#... ###.##......#
##. #...##......#
.... #@###########
#....##w# ##....J#
#......#
....##....# ..#
#....... #
#......!..
#.....$...
#.........


You could see a worm and an endoplasm.

Vanquished Creatures
  An adder (D:2)
  A worm (D:2)
  A dart slug (D:2)
  5 ball pythons
  2 bats
  3 endoplasms
  A giant cockroach (D:1)
  5 goblins
  3 kobolds
  4 frilled lizards
  A rat (D:1)
27 creatures vanquished.

Notes
Turn   | Place    | Note
-------+----------+-------------------------------------------
     0 | D:1      | KittyFluff the Gargoyle Berserker began the quest for the
                  | Orb.
     0 | D:1      | Reached XP level 1. HP: 14/14 MP: 1/1
     2 | D:1      | Noticed an electric eel
   341 | D:1      | Reached XP level 2. HP: 19/19 MP: 2/2
   953 | D:2      | Found a faded altar of an unknown god.
   970 | D:2      | Reached XP level 3. HP: 23/23 MP: 3/3
  1025 | D:2      | Found a radiant altar of Vehumet.
  1067 | D:2      | Reached ** piety under Trog
  1157 | D:2      | Slain by a worm

Illustrated notes

Levels and vault maps discovered:
D:1:      arrival_aquarium_a, layout_basic, minivault_4
D:2:      layout_rooms, basic_altar, hellmonk_ecumenical_altar_zigzags

Skill      XL: |  1  2  3 |
---------------+----------+-----
Dodging        | 2 |  2.0
Fighting       | |  3.5
Maces & Flails | |  3.5
Armour         | |  2.9

Action                     || total
---------------------------++-------
  Melee: Mace              ||    95
         Punch             ||     1
 Armour: Leather armour    ||    55
  Dodge: Dodged            ||    62
